 Dungeon Crawl Stone Soup version 0.31-a0-222-gefeffbb62a (webtiles) character file.

Game seed: 13630769959869386183

109 qw the Shooter (level 4, -1/26 HPs)
             Began as a Gargoyle Hexslinger on July 5, 2023.
             Slain by Terence
             ... wielding a +0 mace
              (7 damage)
             ... on level 2 of the Dungeon.
             The game lasted 00:00:37 (1122 turns).

qw the Shooter (Gargoyle Hexslinger)                Turns: 1122, Time: 00:00:38

Health: -1/26      AC: 13    Str: 12    XL:     4   Next: 89%
Magic:  5/5        EV: 12    Int: 13    God:
Gold:   21         SH:  0    Dex: 14    Spells: 4/5 levels left

rFire   + . .        Y - +1 sling (flame)
rCold   . . .        (no shield)
rNeg    + . .        c - +0 robe
rPois   inf          a - +2 helmet {SInv}
rElec   +            d - +0 cloak
rCorr   .            (no gloves)
SInv    +            (no boots)
Will    .....        (no amulet)
Stlth   +            e - +4 ring of protection
HPRegen 0.24/turn    k - ring of protection from fire
MPRegen 0.09/turn

%: no passive effects
@: no status effects
A: sickness immunity, AC +3, negative energy resistance 1, electricity
resistance, torment resistance 1, petrification resistance
a: no special abilities


You were on level 2 of the Dungeon.
You visited 1 branch of the dungeon, and saw 2 of its levels.

You collected 21 gold pieces.


Innate Abilities, Weirdness & Mutations

You are immune to sickness and miasma.
Your stone body is resilient. (AC +3)
You are immune to poison.
You resist negative energy. (rN+)
You are resistant to electric shocks. (rElec)
You are resistant to unholy torment.
You are immune to petrification.


   Skills:
 - Level 2.1 Fighting
 + Level 4.5 Ranged Weapons
 - Level 1.5 Dodging
 - Level 1.0 Spellcasting
 - Level 2.6 Hexes


You had 4 spell levels left.
You knew the following spells:

 Your Spells              Type           Power      Damage    Failure   Level
a - Slow                  Hex            28%        N/A       10%         1

Your spell library contained the following spells:

 Spells                   Type           Power      Damage    Failure   Level
 Inner Flame              Hex/Fire       4%         N/A       43%         3
 Portal Projectile        Hex/Tloc       8%         N/A       43%         3
 Cause Fear               Hex            3%         N/A       67%         4

Inventory:

Hand Weapons
 Y - a +1 sling of flaming (weapon)
Armour
 a - a +2 helmet of see invisible (worn)
 c - a +0 robe (worn)
 d - a +0 cloak (worn)
Jewellery
 e - a +4 ring of protection (left hand)
 k - a ring of protection from fire (right hand)
Scrolls
 b - a scroll of noise {unknown}
Potions
 h - a potion of brilliance {unknown}
 i - a potion of mutation {unknown}
 j - a potion of might {unknown}
 l - a potion of cancellation {unknown}

Dungeon Overview and Level Annotations

Branches:
Dungeon (2/15)

Altars:

Annotations:
D:2 Terence


Message History

You shoot a sling bullet. The sling bullet barely misses Terence.
Terence hits you with a +0 mace.
You shoot a sling bullet. The sling bullet barely misses Terence.
Terence hits you with a +0 mace.
You shoot a sling bullet.
The sling bullet hits Terence but does no damage.
Terence hits you with a +0 mace.
You shoot a sling bullet.
The sling bullet hits Terence but does no damage.
Terence hits you with a +0 mace. Terence hits you but does no damage.
You shoot a sling bullet.
The sling bullet hits Terence but does no damage.
Terence completely misses you.
You shoot a sling bullet. The sling bullet hits Terence.
The sling bullet burns Terence.
Terence is moderately wounded.
Terence closely misses you.
You shoot a sling bullet.
The sling bullet hits Terence but does no damage.
Terence is moderately wounded.
Terence hits you with a +0 mace.
You shoot a sling bullet. The sling bullet barely misses Terence.
Terence hits you but does no damage.
You shoot a sling bullet.
The sling bullet hits Terence but does no damage.
Terence is moderately wounded.
Terence hits you but does no damage.
You shoot a sling bullet. The sling bullet hits Terence.
The sling bullet burns Terence.
Terence is moderately wounded.
Terence closely misses you. Terence hits you with a +0 mace.
You shoot a sling bullet.
The sling bullet hits Terence but does no damage.
Terence is moderately wounded.
Terence hits you with a +0 mace.
You shoot a sling bullet. The sling bullet barely misses Terence.
Terence hits you but does no damage.
You shoot a sling bullet. The sling bullet barely misses Terence.
Terence hits you with a +0 mace!
You die...

..####........#####.#
.....'........#.....#
..####......#.#.....#
..# #......#...# # .##
#......###.# .#
.#####......# #.###.#
........##### #.....#
........#######.....#.?.
>...............@.......
........#######.@.#.####
........# ##....#
........## ..####
.......... #.#
..#######. #.# #...#####
#.# ..#.....# #.#
..#####.#


You could see Terence.

Vanquished Creatures
  Jessica (D:2)
  Robin (D:1)
  2 adders (D:2)
  2 dart slugs (D:1)
  3 ball pythons (D:1)
  4 endoplasms
  10 goblins
  6 hobgoblins
  4 quokkas (D:1)
  7 bats
  3 frilled lizards
  A kobold (D:1)
  3 rats
47 creatures vanquished.

Notes
Turn   | Place    | Note
-------+----------+-------------------------------------------
     0 | D:1      | qw the Gargoyle Hexslinger began the quest for the Orb.
     0 | D:1      | Reached XP level 1. HP: 12/12 MP: 2/2
     0 | D:1      | 0 ||| qw: Version: 0.3-a-46-gb1f654a
     0 | D:1      | 0 ||| qw: Game counter: 1035
     0 | D:1      | 0 ||| qw: Melee chars always use a shield: true
     0 | D:1      | 0 ||| qw: God list: Okawaru
     0 | D:1      | 0 ||| qw: Allow faded altars: false
     0 | D:1      | 0 ||| qw: Do Orc after clearing Dungeon:15 true
     0 | D:1      | 0 ||| qw: Do second Lair branch before Depths: true
     0 | D:1      | 0 ||| qw: Lair rune preference: random
     0 | D:1      | 0 ||| qw: Goals: Normal
     0 | D:1      | 0 ||| PLANNING D:1-11
   116 | D:1      | Reached XP level 2. HP: 16/16 MP: 3/3
   292 | D:1      | Reached skill level 3 in Ranged Weapons
   298 | D:1      | 298 ||| FLEEEEING.
   299 | D:1      | 299 ||| FLEEEEING.
   300 | D:1      | 300 ||| FLEEEEING.
   301 | D:1      | 301 ||| FLEEEEING.
   302 | D:1      | 302 ||| FLEEEEING.
   303 | D:1      | 303 ||| FLEEEEING.
   304 | D:1      | 304 ||| FLEEEEING.
   305 | D:1      | 305 ||| FLEEEEING.
   306 | D:1      | 306 ||| FLEEEEING.
   307 | D:1      | 307 ||| FLEEEEING.
   308 | D:1      | 308 ||| FLEEEEING.
   311 | D:1      | 311 ||| FLEEEEING.
   312 | D:1      | 312 ||| FLEEEEING.
   313 | D:1      | 313 ||| FLEEEEING.
   491 | D:1      | Reached XP level 3. HP: 21/21 MP: 4/4
   819 | D:1      | 819 ||| UPGRADING to +0 cloak.
   824 | D:1      | 824 ||| UPGRADING to +4 ring of protection.
   825 | D:1      | 825 ||| UPGRADING to ring of protection from fire.
   826 | D:1      | 826 ||| READING scroll labelled WACKEQ XOHIXKEES.
   827 | D:1      | 827 ||| READING 2 scrolls labelled QATREA CUETE.
   828 | D:1      | 828 ||| READING scroll labelled NIP XUCIKUPT.
   829 | D:1      | 829 ||| READING scroll labelled XICYTEAKOI.
   830 | D:1      | 830 ||| DROPPING scroll of poison.
   831 | D:1      | 831 ||| DROPPING scroll of amnesia.
   904 | D:2      | Noticed Robin
   909 | D:2      | 909 ||| STAIRDANCE
   918 | D:1      | Killed Robin
   923 | D:1      | Reached XP level 4. HP: 14/26 MP: 5/5
   974 | D:1      | 974 ||| UPGRADING to +2 helmet of see invisible.
  1015 | D:2      | Noticed Jessica
  1018 | D:2      | Killed Jessica
  1019 | D:2      | Reached skill level 4 in Ranged Weapons
  1108 | D:2      | Noticed Terence
  1120 | D:2      | HP: 5/26 [Terence/+0 mace (3)]
  1122 | D:2      | Slain by Terence

Levels and vault maps discovered:
D:1:      psy_arrival_radial02, layout_rooms
D:2:      layout_basic, basic_ecumenical_altar,
          nicolae_concentric_dashed_squares_wild, uniq_terence, uniq_jessica,
          uniq_robin

Skill      XL: |  1  2  3  4 |
---------------+-------------+-----
Ranged Weapons | 3 4 |  4.5
Fighting       | 2 |  2.1
Dodging        | |  1.5
Spellcasting   | |  1.0
Hexes          | |  2.6

Action                     |  1- 3 |  4- 6 || total
---------------------------+-------+-------++-------
   Fire: Sling             |   120 |    39 ||   159
    Use: Scroll            |     4 |       ||     4
 Armour: Robe              |    28 |     8 ||    36
  Dodge: Dodged            |    55 |    15 ||    70

Table legend:
 A = Non-vault XP
 B = Vault XP
 C = Vault XP percentage of total XP
 D = Non-vault monster count
 E = Vault monster count
 F = Vault count percentage of total count
                 A         B        C        D         E       F
            +---------+---------+-------+---------+---------+-------
      Total |      92 |      64 |  41.0 |      39 |       8 |  17.0
            +---------+---------+-------+---------+---------+-------
        D:1 |      57 |      17 |  23.0 |      31 |       2 |   6.1
        D:2 |      35 |      47 |  57.3 |       8 |       6 |  42.9
            +---------+---------+-------+---------+---------+-------
